 Dungeon Crawl Stone Soup version 0.19-a0-1682-g5114f93 (webtiles) character file.

73 Amnesiac the Vexing (level 4, 0/30 HPs)
             Began as a Mummy Enchanter on Sept 25, 2016.
             Slain by a jackal (3 damage)
             ... on level 1 of the Dungeon.
             The game lasted 00:03:25 (2129 turns).

Amnesiac the Vexing (Mummy Enchanter)               Turns: 2129, Time: 00:03:26

Health: 0/30       AC:  4    Str: 11    XL:     4   Next: 8%
Magic:  4/7        EV: 12    Int: 15    God:
Gold:   78         SH:  0    Dex: 12    Spells: 3 memorised, 0 levels left

rFire  x . .     SeeInvis .     a - +1 dagger
rCold  + . .     Gourm    .     b - +1 robe
rNeg   + + +     Faith    .     (no shield)
rPois  ∞         Spirit   .     (no helmet)
rElec  .         Dismiss  .     (no cloak)
rCorr  .         Reflect  .     (no gloves)
MR     .....     Harm     .     (no boots)
Stlth  ++........               (no amulet)
                                (no ring)
                                (no ring)

@: no status effects
A: no food or potions, fire vulnerability, cold resistance 1, negative energy
resistance 3, torment resistance, unbreathing
a: no special abilities


You were on level 1 of the Dungeon.
You were not hungry.

You visited 1 branch of the dungeon, and saw 2 of its levels.

You collected 78 gold pieces.

Inventory:

Hand Weapons
 a - a +1 dagger (weapon)
Armour
 b - a +1 robe (worn)
Scrolls
 d - a scroll of immolation {unknown}
 e - a scroll of fear {unknown}
 f - 3 scrolls of identify {unknown}
 g - 2 scrolls of enchant armour {unknown}
 h - 2 scrolls of noise {unknown}
Books
 c - a book of Maledictions

   Spells                             Type                      Level
   a - Corona                         Hexes                        1
   b - Ensorcelled Hibernation        Hexes/Ice                    2
   c - Confuse                        Hexes                        3
   d - Tukima's Dance                 Hexes                        3
   e - Dazzling Spray                 Conjuration/Hexes            3


   Skills:
 - Level 0.7 Short Blades
 - Level 1.5 Dodging
 - Level 2.4 Stealth
 - Level 2.0 Spellcasting
 + Level 4.5 Hexes


You couldn't memorise any spells.
You knew the following spells:

 Your Spells              Type           Power        Failure   Level  Hunger
e - Confuse               Hex            ###.....     12%         3    N/A
f - Corona                Hex            ###....      3%          1    N/A
w - Tukima's Dance        Hex            ###.....     12%         3    N/A

Dungeon Overview and Level Annotations

Branches:
Dungeon (2/15)

Altars:


Innate Abilities, Weirdness & Mutations

You do not eat or drink.
Your flesh is vulnerable to fire.
You are immune to poison.
Your flesh is cold resistant. (rC+)
You are immune to negative energy. (rN+++)
You are immune to unholy pain and torment.
You can survive without breathing.


Message History

Confirm with . or Enter, or press ? or * to list all spells.
You don't know that spell.
Unknown command.
Casting: Corona
Confirm with . or Enter, or press ? or * to list all spells.
Aiming: Corona
Press: ? - help, Shift-Dir - straight line, f - jackal
Aim: a jackal (chance to defeat MR: 69%)
The jackal is outlined in light.
The jackal closely misses you. x3
Casting: Corona
Confirm with . or Enter, or press ? or * to list all spells.
Aiming: Corona
Press: ? - help, Shift-Dir - straight line, f - jackal, p - jackal
Aim: a jackal (chance to defeat MR: 69%)
The jackal is outlined in light.
The jackal closely misses you.
The jackal bites you but does no damage. x2
You hit the jackal.
The jackal is moderately wounded.
The jackal barely misses you. The jackal bites you.
You die...

#.# #.# #.# #.# #.# #w# #.#
#.# #.# #.# #.# #.# #.#
############># #.## #.#
#............#####... #.#
#.##w................
#.#####(##h################
#.##...#.#@# # #.##.##.##h#
# #.....†....# #
####.####### # #.# # #.#
############## # #.#
#!...........# #.#
#.##########.###### #.# #.#
#......^


You could see a worm and 2 jackals.

Vanquished Creatures
  3 adders (D:2)
  A dart slug (D:1)
  2 ball pythons
  3 bats (D:1)
  2 giant cockroaches
  6 hobgoblins
  10 jackals
  5 frilled lizards
  A goblin (D:1)
  4 kobolds (D:1)
  6 rats
43 creatures vanquished.

Notes
Turn   | Place    | Note
-------+----------+-------------------------------------------
     0 | D:1      | Amnesiac the Mummy Enchanter began the quest for the Orb.
     0 | D:1      | Reached XP level 1. HP: 13/13 MP: 3/3
   253 | D:1      | Reached skill level 3 in Hexes
   404 | D:1      | Reached XP level 2. HP: 11/19 MP: 0/5
  1174 | D:1      | Reached XP level 3. HP: 24/24 MP: 4/6
  1179 | D:1      | Learned a level 3 spell: Confuse
  1427 | D:2      | Reached skill level 4 in Hexes
  1729 | D:2      | Reached XP level 4. HP: 6/30 MP: 2/7
  1775 | D:2      | Learned a level 3 spell: Tukima's Dance
  2129 | D:1      | Slain by a jackal

Vault maps used:
D:1:      matt_arrival_refuge
D:2:      first_bread

Skill      XL: |  1  2  3 |
---------------+----------+-----
Hexes          | 3 4 |  4.5
Short Blades   | |  0.7
Dodging        | |  1.5
Stealth        | |  2.4
Spellcasting   | |  2.0

Action                   |  1- 3 |  4- 6 || total
-------------------------+-------+-------++-------
Melee: Dagger            |   155 |    21 ||   176
 Cast: Corona            |    39 |     7 ||    46
       Confuse           |     5 |       ||     5
       Tukima's Dance    |       |     2 ||     2
 Stab: Sleeping          |     3 |       ||     3
       Confused          |     1 |       ||     1
Armor: Robe              |    43 |    21 ||    64
Dodge: Dodged            |    99 |    39 ||   138
